 Dungeon Crawl Stone Soup version 0.31.0-32-g396128a36d (webtiles) character file.

Game seed: 1604128885177311017

28844 TacoSundae the Nimble (level 13, -2/103 HPs)
             Began as a Gnoll Gladiator on Apr 15, 2024.
             Was a High Priest of Okawaru.
             Killed from afar by a catoblepas (7 damage)
             ... with a blast of calcifying dust
             ... on level 4 of the Lair of Beasts.
             The game lasted 00:54:00 (17616 turns).

TacoSundae the Nimble (Gnoll Gladiator)            Turns: 17616, Time: 00:54:00

Health: -2/103     AC: 10    Str: 18    XL:     13   Next: 41%
Magic:  23/23      EV: 19    Int:  7    God:    Okawaru [*****.]
Gold:   2229       SH:  7    Dex: 20    Spells: 24/29 levels left

rFire   + . .        b - +1 dagger (venom)
rCold   + . .        F - +0 buckler
rNeg    . . .        L - +0 troll leather armour
rPois   .            (helmet restricted)
rElec   +            f - +1 cloak of Angurenein {rElec}
rCorr   .            m - +1 pair of gloves {Dex+3}
SInv    .            G - +0 pair of boots
Will    .....        H - amulet of faith
Stlth   ++++         i - ring of protection from cold
HPRegen 1.17/turn    (no ring)
MPRegen 0.18/turn

%: faith
@: no status effects
A: fangs 1, strong nose, distributed training, horns 1, fire resistance 1, low
MP 1, strong 1
a: Renounce Religion, Heroism, Finesse, Duel


You were on level 4 of the Lair of Beasts.
You worshipped Okawaru.
Okawaru was extremely pleased with you.
You visited 3 branches of the dungeon, and saw 17 of its levels.
You also visited: Ossuary.

You collected 2472 gold pieces.
You spent 243 gold pieces at shops.

Inventory:

Hand Weapons
 a - a +4 short sword
 b - a +1 dagger of venom (weapon)
Missiles
 d - 4 throwing nets
 e - 2 javelins
 t - a silver javelin
 v - 25 poisoned darts (quivered)
 I - 6 curare-tipped darts
Armour
 f - the +1 cloak of Angurenein (worn) {rElec}
   (You acquired it on level 5 of the Dungeon)

   rElec:     It insulates you from electricity.
 m - a +1 pair of gloves of dexterity (worn)
 o - a +2 scale mail of willpower
 F - a +0 buckler (worn)
 G - a +0 pair of boots (worn)
 L - a +0 troll leather armour (worn)
Jewellery
 i - a ring of protection from cold (left hand)
 p - a ring of ice
 H - an amulet of faith (around neck)
Wands
 r - a wand of flame (37)
 s - a wand of paralysis (28)
 B - a wand of mindburst (19)
 E - a wand of quicksilver (12)
Scrolls
 j - 2 scrolls of fear
 k - 10 scrolls of identify
 l - 2 scrolls of poison
 w - 9 scrolls of teleportation
 y - a scroll of silence
 C - 3 scrolls of enchant armour
 K - 4 scrolls of fog
 M - a scroll of revelation
Potions
 c - a potion of lignification {unknown}
 g - 5 potions of haste
 h - 4 potions of attraction
 n - 3 potions of brilliance
 q - 5 potions of curing
 u - 4 potions of enlightenment
 x - a potion of berserk rage
 z - 2 potions of might
 A - a potion of invisibility
 D - 2 potions of mutation
 N - a potion of cancellation
Miscellaneous
 J - a phial of floods


   Skills:
 + Level 9.8 Fighting
 + Level 10.8 Short Blades
 + Level 8.6 Long Blades
 + Level 8.6 Axes
 + Level 8.6 Maces & Flails
 + Level 8.6 Polearms
 + Level 8.6 Staves
 + Level 8.6 Ranged Weapons
 + Level 9.8 Throwing
 + Level 8.6 Armour
 + Level 10.8 Dodging
 + Level 8.6 Stealth
 + Level 8.6 Shields
 + Level 8.6 Unarmed Combat
 + Level 8.6 Spellcasting
 + Level 7.1 Conjurations
 + Level 7.1 Hexes
 + Level 7.1 Summonings
 + Level 7.1 Necromancy
 + Level 7.1 Translocations
 + Level 7.1 Fire Magic
 + Level 7.1 Ice Magic
 + Level 7.1 Air Magic
 + Level 7.1 Earth Magic
 + Level 7.1 Alchemy
 + Level 9.4 Invocations
 + Level 8.6 Evocations
 + Level 7.8 Shapeshifting


You had 24 spell levels left.
You knew the following spells:

 Your Spells              Type           Power      Damage    Failure   Level
a - Mercury Vapours       Alch/Air       26%        N/A       2%          2
b - Mephitic Cloud        Conj/Alch/Air  13%        N/A       4%          3

Your spell library contained the following spells:

 Spells                   Type           Power      Damage    Failure   Level
 Frozen Ramparts          Ice            26%        1d4       4%          3
 Leda's Liquefaction      Alch/Erth      6%         N/A       14%         4
 Petrify                  Alch/Erth      13%        N/A       14%         4
 Freezing Cloud           Conj/Ice/Air   6%         6-21      38%         5
 Metabolic Englaciation   Hex/Ice        6%         N/A       38%         5


Dungeon Overview and Level Annotations

Branches:
Dungeon (12/15)            Temple (1/1) D:7            Lair (4/5) D:11
  Swamp (0/4) Lair:3       Spider (0/4) Lair:3          Orc (0/2) D:12
Ossuary (visited)
  Slime: Lair:4-5

Altars:
Ashenzari
Cheibriados
Dithmenos
Elyvilon
Fedhas
Gozag
Hepliaklqana
Kikubaaqudgha
Makhleb
Nemelex Xobeh
Okawaru
Qazlal
Ru
Sif Muna
Trog
Uskayaw
Vehumet
Wu Jian
Xom
Yredelemnul
Zin
The Shining One

Shops:
D:5 ?[!*[   D:9 (

Annotations:
D:3 2 runed translucent doors, JAYMINE's ghost, amateur GnWr
D:7 1 runed translucent door, AbbaRin's ghost, novice DECj


Innate Abilities, Weirdness & Mutations

You have very sharp teeth.
Your uncanny sense of smell can sniff out nearby items.
Your experience applies equally to all skills.
You have a pair of small horns on your head.
Your flesh is heat resistant. (rF+)
Your magical capacity is low. (-10% MP)
Your muscles are strong. (Str +4, Int/Dex -1)


Message History

You turn to flesh and can move again.
You hit the catoblepas.
The catoblepas looks as sick as possible!
The catoblepas is moderately wounded.
You hit the catoblepas but do no damage.
The catoblepas looks as sick as possible!
You headbutt the catoblepas, but do no damage.
The catoblepas is moderately wounded.
The catoblepas breathes a plume of calcifying dust at you.
The blast of calcifying dust hits you but does no damage.
You hit the catoblepas but do no damage.
You headbutt the catoblepas, but do no damage.
The catoblepas is heavily wounded.
You hit the catoblepas but do no damage.
The catoblepas looks as sick as possible!
You bite the catoblepas, but do no damage.
The catoblepas is heavily wounded.
The catoblepas gores you but does no damage.
You hit the catoblepas but do no damage.
The catoblepas looks as sick as possible!
You bite the catoblepas, but do no damage.
The catoblepas is heavily wounded.
You hit the catoblepas but do no damage.
The catoblepas looks as sick as possible!
The catoblepas is heavily wounded.
The catoblepas gores you!!
* * * LOW HITPOINT WARNING * * *
The catoblepas attacks as it pursues you!
The catoblepas gores you!!
* * * LOW HITPOINT WARNING * * *
You feel better. The catoblepas misses you.
The catoblepas breathes a plume of calcifying dust at you.
The blast of calcifying dust hits you.
* * * LOW HITPOINT WARNING * * *
The catoblepas breathes a plume of calcifying dust at you.
The blast of calcifying dust hits you.
* * * LOW HITPOINT WARNING * * *
The catoblepas breathes a plume of calcifying dust at you.
The blast of calcifying dust hits you!
You die...

###### ####
##.P..####...##
#.§....§.......
##.§....§.......
#...§..§@.......
##.....§........
#...§Y.........
#...§..........
##.............#
#P...........###
##.<........##
##..........#
#...........# ∆


You could see a catoblepas (extremely poisoned).

Vanquished Creatures
  3 hydras (Lair:3)
  2 catoblepae
  A skyshark (Lair:3)
  A cyclops (D:11)
  Maurice (D:7)
  2 meliai (Lair:4)
  4 elephants (Lair:3)
  2 black mambas (Lair:1)
  A rime drake (Lair:1)
  9 cane toads
  A kobold demonologist (D:11)
  8 komodo dragons
  4 trolls
  Prince Ribbit (D:7)
  A hornet (Lair:3)
  Grinder (D:6)
  17 blink frogs
  Sigmund (D:6)
  2 shadows
  3 wyverns
  2 wraiths
  21 yaks
  2 steam dragons (D:6)
  2 redbacks (Lair:3)
  Menkaure (Ossuary)
  3 basilisks
  4 vampire mosquitoes (D:7)
  2 swamp worms (Lair:3)
  An acid dragon (D:11)
  7 water moccasins
  3 black bears
  2 orc warriors
  An ice beast (D:7)
  3 ogres
  5 wolves
  6 centaurs
  6 kobold brigands
  A phantom (D:4)
  Blork the orc (D:6)
  13 bullfrogs
  5 gnoll sergeants
  10 wights (D:7)
  6 killer bees
  6 howler monkeys
  A bombardier beetle (D:7)
  4 hounds
  5 orc priests
  2 gnoll boudas
  Ijyb (D:5)
  5 iguanas
  3 sleepcaps
  9 orc wizards
  3 mummies (Ossuary)
  23 gnolls
  4 adders
  2 shadow imps
  2 dart slugs
  A ribbon worm (D:4)
  32 orcs
  3 ball pythons
  5 endoplasms
  2 giant cockroaches
  4 gnoll zombies (Ossuary)
  3 goblins
  8 hobgoblins
  A quokka (D:1)
  2 bats
  A frilled lizard (D:3)
  4 goblin skeletons (Ossuary)
  3 goblin zombies (Ossuary)
  6 hobgoblin skeletons (Ossuary)
  4 hobgoblin zombies (Ossuary)
  43 kobolds
  5 kobold skeletons (Ossuary)
  6 kobold zombies (Ossuary)
  3 orc skeletons (Ossuary)
  3 orc zombies (Ossuary)
  5 rats
  7 rat skeletons (Ossuary)
  5 rat zombies (Ossuary)
398 creatures vanquished.

Vanquished Creatures (others)
  A kobold (D:6)
1 creature vanquished.

Grand Total: 399 creatures vanquished

Notes
Turn   | Place    | Note
-------+----------+-------------------------------------------
     0 | D:1      | TacoSundae the Gnoll Gladiator began the quest for the Orb.
     0 | D:1      | Reached XP level 1. HP: 20/20 MP: 1/1
   334 | D:1      | Reached XP level 2. HP: 26/26 MP: 2/2
   707 | D:2      | Reached XP level 3. HP: 28/31 MP: 3/3
   814 | D:2      | Noticed a golden eye
   818 | D:2      | Found a faded altar of an unknown god.
   857 | D:2      | Reached skill level 1 in Invocations
   931 | D:2      | Noticed a glass eye
   950 | D:2      | Noticed a shining eye
   950 | D:2      | Noticed a glass eye
   979 | D:2      | Reached skill level 1 in Long Blades
   979 | D:2      | Reached skill level 1 in Axes
   979 | D:2      | Reached skill level 1 in Maces & Flails
   979 | D:2      | Reached skill level 1 in Polearms
   979 | D:2      | Reached skill level 1 in Staves
   979 | D:2      | Reached skill level 1 in Ranged Weapons
   979 | D:2      | Reached skill level 1 in Armour
   979 | D:2      | Reached skill level 1 in Stealth
   979 | D:2      | Reached skill level 1 in Shields
   979 | D:2      | Reached skill level 1 in Unarmed Combat
   979 | D:2      | Reached skill level 1 in Spellcasting
   979 | D:2      | Reached skill level 1 in Evocations
  1229 | D:3      | Reached skill level 1 in Shapeshifting
  1229 | D:3      | Reached XP level 4. HP: 38/38 MP: 5/5
  1576 | D:3      | Reached skill level 1 in Conjurations
  1576 | D:3      | Reached skill level 1 in Hexes
  1576 | D:3      | Reached skill level 1 in Summonings
  1576 | D:3      | Reached skill level 1 in Necromancy
  1576 | D:3      | Reached skill level 1 in Translocations
  1576 | D:3      | Reached skill level 1 in Fire Magic
  1576 | D:3      | Reached skill level 1 in Ice Magic
  1576 | D:3      | Reached skill level 1 in Air Magic
  1576 | D:3      | Reached skill level 1 in Earth Magic
  1576 | D:3      | Reached skill level 1 in Alchemy
  1749 | D:3      | Found a runed translucent door.
  1754 | D:3      | Noticed JAYMINE's ghost (amateur GnWr)
  1777 | D:3      | Found an ancient bone altar of Kikubaaqudgha.
  1777 | D:3      | Found a hazy altar of Hepliaklqana.
  1953 | D:3      | Found a runed translucent door.
  1954 | D:3      | Noticed a bullfrog
  2194 | D:4      | Found a radiant altar of Vehumet.
  2323 | D:4      | Noticed an ogre
  2341 | D:4      | Killed an ogre
  2342 | D:4      | Reached XP level 5. HP: 43/43 MP: 5/7
  2404 | D:4      | Found a sand-covered staircase.
  2409 | Ossuary  | Entered an ossuary
  2616 | Ossuary  | Reached XP level 6. HP: 49/50 MP: 8/8
  2835 | Ossuary  | Reached skill level 5 in Fighting
  2835 | Ossuary  | Reached skill level 5 in Throwing
  3075 | Ossuary  | Noticed Menkaure
  3083 | Ossuary  | Gained mutation: Your body sometimes deteriorates upon
                  | taking damage. [potion of mutation]
  3083 | Ossuary  | Gained mutation: You occasionally lose the ability to drink
                  | potions when taking damage. [potion of mutation]
  3083 | Ossuary  | Gained mutation: Your magical capacity is low. (-10% MP)
                  | [potion of mutation]
  3083 | Ossuary  | Gained mutation: You have large cloven feet. [potion of
                  | mutation]
  3092 | Ossuary  | Killed Menkaure
  3255 | Ossuary  | Lost mutation: You occasionally lose the ability to drink
                  | potions when taking damage. [potion of mutation]
  3255 | Ossuary  | Lost mutation: Your body sometimes deteriorates upon taking
                  | damage. [potion of mutation]
  3255 | Ossuary  | Lost mutation: You have large cloven feet. [potion of
                  | mutation]
  3255 | Ossuary  | Gained mutation: You have a pair of small horns on your
                  | head. [potion of mutation]
  3255 | Ossuary  | Gained mutation: Your muscles are strong. (Str +4, Int/Dex
                  | -1) [potion of mutation]
  3255 | Ossuary  | Gained mutation: Your flesh is heat resistant. (rF+)
                  | [potion of mutation]
  3299 | D:4      | Reached XP level 7. HP: 44/56 MP: 9/9
  3536 | D:4      | Found a glowing golden altar of the Shining One.
  3877 | D:5      | Entered Level 5 of the Dungeon
  3907 | D:5      | Noticed Ijyb
  3926 | D:5      | Killed Ijyb
  3932 | D:5      | Identified a scroll of acquirement
  3932 | D:5      | Acquired the +1 cloak of Angurenein {rElec}
  4231 | D:5      | Found Quulos's Armour Boutique.
  4526 | D:5      | Found Bollaer's Magic Scroll Boutique.
  4619 | D:5      | Bought a +1 pair of gloves of dexterity for 165 gold pieces
  4696 | D:5      | Found Ystriegg's Assorted Antiques.
  4877 | D:5      | Found Saaxuc's Distillery.
  4896 | D:5      | Found Ututuaf's Antique Armour Shoppe.
  5255 | D:6      | Noticed Sigmund
  5473 | D:6      | Reached XP level 8. HP: 48/63 MP: 11/11
  5482 | D:6      | Killed Sigmund
  5535 | D:6      | Noticed Grinder
  5545 | D:6      | Killed Grinder
  5558 | D:6      | Noticed Blork the orc
  5569 | D:6      | Killed Blork the orc
  6361 | D:6      | Reached XP level 9. HP: 60/69 MP: 13/13
  6731 | D:5      | Bought a scroll labelled HAFIPY DOIBAL for 28 gold pieces
  6761 | D:5      | Bought a lumpy emerald potion for 25 gold pieces
  6761 | D:5      | Bought a red potion for 25 gold pieces
  7230 | D:7      | Reached skill level 5 in Invocations
  7308 | D:7      | Noticed Prince Ribbit
  7330 | D:7      | Killed Prince Ribbit
  7894 | D:7      | Found a runed translucent door.
  7898 | D:7      | Noticed AbbaRin's ghost (novice DECj)
  8002 | D:7      | Found a staircase to the Ecumenical Temple.
  8029 | Temple   | Entered the Ecumenical Temple
  8034 | Temple   | Became a worshipper of Warmaster Okawaru
  8167 | D:7      | Found a snail-covered altar of Cheibriados.
  8189 | D:7      | Reached skill level 5 in Long Blades
  8189 | D:7      | Reached skill level 5 in Axes
  8189 | D:7      | Reached skill level 5 in Maces & Flails
  8189 | D:7      | Reached skill level 5 in Polearms
  8189 | D:7      | Reached skill level 5 in Staves
  8189 | D:7      | Reached skill level 5 in Ranged Weapons
  8189 | D:7      | Reached skill level 5 in Armour
  8189 | D:7      | Reached skill level 5 in Stealth
  8189 | D:7      | Reached skill level 5 in Shields
  8189 | D:7      | Reached skill level 5 in Unarmed Combat
  8189 | D:7      | Reached skill level 5 in Spellcasting
  8189 | D:7      | Reached skill level 5 in Evocations
  8189 | D:7      | Reached XP level 10. HP: 49/77 MP: 15/15
  8363 | D:7      | Found a broken altar of Ashenzari.
  8394 | D:7      | Noticed Maurice
  8405 | D:7      | Killed Maurice
  8852 | D:8      | Reached * piety under Okawaru
  9583 | D:8      | Reached skill level 5 in Shapeshifting
  9693 | D:9      | Reached ** piety under Okawaru
 10229 | D:9      | Found a glowing silver altar of Zin.
 10744 | D:9      | Found Buveluri's Weapon Shoppe.
 11079 | D:10     | Entered Level 10 of the Dungeon
 11361 | D:10     | Reached skill level 5 in Conjurations
 11361 | D:10     | Reached skill level 5 in Hexes
 11361 | D:10     | Reached skill level 5 in Summonings
 11361 | D:10     | Reached skill level 5 in Necromancy
 11361 | D:10     | Reached skill level 5 in Translocations
 11361 | D:10     | Reached skill level 5 in Fire Magic
 11361 | D:10     | Reached skill level 5 in Ice Magic
 11361 | D:10     | Reached skill level 5 in Air Magic
 11361 | D:10     | Reached skill level 5 in Earth Magic
 11361 | D:10     | Reached skill level 5 in Alchemy
 11377 | D:10     | Reached XP level 11. HP: 85/85 MP: 18/18
 11599 | D:10     | Reached *** piety under Okawaru
 11891 | D:10     | Acquired 683 gold pieces
 12163 | D:11     | Noticed a cyclops
 12198 | D:11     | Killed a cyclops
 12214 | D:11     | Reached **** piety under Okawaru
 12307 | D:11     | You fall into a shaft and drop 1 floor!
 12319 | D:12     | Found a staircase to the Orcish Mines.
 12577 | D:12     | Noticed a centaur warrior
 12958 | D:11     | Found a staircase to the Lair.
 13223 | Lair:1   | Entered Level 1 of the Lair of Beasts
 13316 | Lair:1   | Noticed a catoblepas
 13415 | Lair:1   | Killed a catoblepas
 13415 | Lair:1   | Reached ***** piety under Okawaru
 13576 | Lair:1   | Learned a level 2 spell: Mercury Vapours
 13733 | Lair:1   | Received a gift from Okawaru
 13745 | Lair:1   | Reached XP level 12. HP: 52/94 MP: 20/20
 13841 | Lair:1   | Identified the +5 flail of Fedhas's Approval {holy, ^Contam
                  | ^Drain rC+++ SInv}
 14364 | Lair:1   | Learned a level 3 spell: Mephitic Cloud
 14700 | Lair:2   | Acquired 861 gold pieces
 14731 | Lair:2   | Reached skill level 10 in Short Blades
 14731 | Lair:2   | Reached skill level 10 in Dodging
 14822 | Lair:2   | Received a gift from Okawaru
 14824 | Lair:2   | Identified the +1 ring mail "Cimox" {Harm rN+}
 14989 | Lair:2   | Noticed a catoblepas
 15459 | Lair:2   | Killed a catoblepas
 15459 | Lair:2   | Received a gift from Okawaru
 15888 | Lair:3   | Noticed a seven-headed hydra
 15910 | Lair:3   | Killed a seven-headed hydra
 16173 | Lair:3   | Found a hole to the Spider Nest.
 16441 | Lair:3   | Reached XP level 13. HP: 99/101 MP: 22/22
 16502 | Lair:3   | Received a gift from Okawaru
 16685 | Lair:3   | Found a staircase to the Swamp.
 17290 | Lair:4   | Received a gift from Okawaru
 17608 | Lair:4   | HP: 2/103 [catoblepas (22)]
 17615 | Lair:4   | HP: 4/103 [catoblepas/blast of calcifying dust (6)]
 17616 | Lair:4   | Killed from afar by a catoblepas

Illustrated notes

Levels and vault maps discovered:
D:1:      matt_arrival_grand_opening, layout_loops_ring
D:2:      layout_rooms, hellmonk_ecumenical_altar_watching_god
D:3:      layout_basic, gammafunk_temple_overflow_wave, ebering_ghost_sewer_f,
          dreamdust_princess_corridor, grunt_ministairs_6
D:4:      layout_loops_ring, mainiacjoe_overflow_cross_hatched,
          nicolae_vehumet_altar_sigil, nicolae_ossuary_entry_plus
D:5:      layout_loops_corners, serial_shops, shop, nicolae_shop_hallway_plus,
          kennysheep_mini_moat, shop_coins, shop, minmay_misc_feat_rows,
          uniq_ijyb
D:6:      kennysheep_kobold_camp, layout_gridville, uniq_blork_the_orc,
          uniq_grinder, uniq_sigmund
D:7:      layout_loops_corners, gammafunk_temple_overflow_pools,
          minmay_temple_entry_tees, gammafunk_ghost_grave, uniq_maurice,
          uniq_menkaure, uniq_prince_ribbit1
D:8:      layout_loops_ring, corexii_hall_statues_x, glass_columns_c
D:9:      layout_loops_ring, mainiacjoe_overflow_brackets, serial_shops, shop
D:10:     layout_rooms
D:11:     layout_basic, lair_entry_dummy, minmay_hedge_maze
D:12:     layout_cave_pools, kennysheep_orc_monster_closet_entryway,
          minmay_fractal_squares_5
Temple:   minmay_freezing_vapour_temple
Lair:1:   layout_cave_shapes, chequers_serial_rivers_marsh
Lair:2:   layout_long_grid, minivault_23, serial_bayou_shore_b
Lair:3:   layout_regular_city, palyth_hydra_swamp_entry, spider_nest_entry_webs,
          serial_forest, infiniplex_forest_join, infiniplex_forest_pool,
          infiniplex_forest_clump_tiny, infiniplex_forest_end_2,
          infiniplex_forest_zigzag_1, nicolae_lair_lil_pond,
          infiniplex_staircase_pool_2
Lair:4:   regret_index_combs_of_tragedy, layout_regular_city, slime_entry_2,
          minivault_19

Skill      XL: |  1  2  3  4  5  6  7  8  9 10 11 12 13 |
---------------+----------------------------------------+-----
Invocations    | 1 2 3 4 5 6 7 8 9 |  9.4
Long Blades    | 1 2 3 5 6 7 8 |  8.6
Axes           | 1 2 3 5 6 7 8 |  8.6
Maces & Flails | 1 2 3 5 6 7 8 |  8.6
Polearms       | 1 2 3 5 6 7 8 |  8.6
Staves         | 1 2 3 5 6 7 8 |  8.6
Ranged Weapons | 1 2 3 5 6 7 8 |  8.6
Armour         | 1 2 3 5 6 7 8 |  8.6
Stealth        | 1 2 3 5 6 7 8 |  8.6
Shields        | 1 2 3 5 6 7 8 |  8.6
Unarmed Combat | 1 2 3 5 6 7 8 |  8.6
Spellcasting   | 1 2 3 5 6 7 8 |  8.6
Evocations     | 1 2 3 5 6 7 8 |  8.6
Shapeshifting  | 1 2 3 4 5 6 7 |  7.8
Conjurations   | 1 2 3 4 5 6 7 |  7.1
Hexes          | 1 2 3 4 5 6 7 |  7.1
Summonings     | 1 2 3 4 5 6 7 |  7.1
Necromancy     | 1 2 3 4 5 6 7 |  7.1
Translocations | 1 2 3 4 5 6 7 |  7.1
Fire Magic     | 1 2 3 4 5 6 7 |  7.1
Ice Magic      | 1 2 3 4 5 6 7 |  7.1
Air Magic      | 1 2 3 4 5 6 7 |  7.1
Earth Magic    | 1 2 3 4 5 6 7 |  7.1
Alchemy        | 1 2 3 4 5 6 7 |  7.1
Fighting       | 5 6 7 8 9 |  9.8
Throwing       | 5 6 7 8 9 |  9.8
Short Blades   | 7 8 9 10 | 10.8
Dodging        | 7 8 9 10 | 10.8

Action                     |  1- 3 |  4- 6 |  7- 9 | 10-12 | 13-15 || total
---------------------------+-------+-------+-------+-------+-------++-------
  Melee: Rapier            |    97 |   294 |   186 |       |       ||   577
         Bite              |     5 |    41 |    80 |   217 |    45 ||   388
         Punch             |     1 |     5 |    13 |     4 |       ||    23
         Kick              |       |     8 |       |       |       ||     8
         Headbutt          |       |     5 |   105 |   398 |    87 ||   595
         Dagger            |       |       |   246 |  1262 |   268 ||  1776
         Short sword       |       |       |    80 |    96 |       ||   176
  Throw: Throwing net      |       |     1 |       |     1 |       ||     2
         Dart              |       |       |     1 |    19 |     1 ||    21
 Invoke: Heroism           |       |       |       |     5 |     1 ||     6
         Finesse           |       |       |       |     1 |     1 ||     2
  Evoke: Wand              |       |       |     2 |    13 |       ||    15
    Use: Potion            |       |     9 |       |     3 |     3 ||    15
         Scroll            |       |       |    16 |     6 |       ||    22
   Stab: Sleeping          |     1 |     2 |     7 |    11 |     3 ||    24
         Held in net/web   |       |     1 |       |     1 |       ||     2
         Distracted        |       |     1 |     1 |     1 |     1 ||     4
         Paralysed         |       |       |     3 |     3 |       ||     6
         Petrified         |       |       |       |     4 |     1 ||     5
 Armour: Leather armour    |    39 |   107 |    42 |       |       ||   188
         Scale mail        |       |       |    87 |       |       ||    87
         Steam dragon scal |       |       |    68 |   119 |       ||   187
         Troll leather arm |       |       |       |   248 |   108 ||   356
  Dodge: Dodged            |    60 |   116 |   232 |   543 |   119 ||  1070
  Block: Buckler           |       |       |       |   213 |    52 ||   265
